 Dungeon Crawl Stone Soup version 0.30.0-19-g36f170ea60 (webtiles) character file.

Game seed: 7551950815862674327

63 PriceMaster the Insei (level 4, 0/28 HPs)
             Began as an Octopode Transmuter on May 27, 2023.
             Slain by a goblin
             ... wielding a +1 dagger of venom
              (3 damage)
             ... on level 2 of the Dungeon.
             The game lasted 00:03:09 (1203 turns).

PriceMaster the Insei (Octopode Transmuter)         Turns: 1203, Time: 00:03:09

Health: 0/28       AC:  1    Str: 11    XL:     4   Next: 9%
Magic:  2/8        EV: 10    Int: 15    God:
Gold:   101        SH:  0    Dex: 12    Spells: 5/8 levels left

rFire   . . .        i - staff of air
rCold   . . .        e - orb {*Rage}
rNeg    . . .        (helmet currently unavailable)
rPois   .            (no amulet)
rElec   +            l - ring of resist corrosion
rCorr   +            (no ring)
SInv    .            (no ring)
Will    .....        (no ring)
Stlth   ++           (no ring)
HPRegen 0.24/turn    (no ring)
MPRegen 0.11/turn    (no ring)
                     (no ring)

%: random rage (20%)
@: lethally poisoned (0 -> -9), appendages, wereblooded, on berserk cooldown,
hasted and slowed, constricted
A: tentacle spike 3, almost no armour, amphibious, 8 rings, camouflage 1,
gelatinous body 1, (nimble swimmer 1), tentacles
a: End Transformation


You were on level 2 of the Dungeon.
One of your tentacles had grown a beastly spike.
You visited 1 branch of the dungeon, and saw 2 of its levels.

You collected 101 gold pieces.

Inventory:

Hand Weapons
 j - a +0 long sword
Armour
 e - an orb of wrath (worn)
Magical Staves
 i - a staff of air (weapon)
Jewellery
 l - a ring of resist corrosion (left tentacle)
Scrolls
 b - a scroll of amnesia {unknown}
 f - a scroll of silence {unknown}
 g - a scroll of noise {unknown}
Potions
 a - a potion of lignification
 c - a potion of attraction {unknown}
 h - a potion of haste
 k - a potion of berserk rage {unknown}
 m - a potion of brilliance {unknown}


   Skills:
 + Level 1.0 Fighting
 + Level 0.4 Staves
 + Level 2.3 Dodging
 + Level 0.6 Stealth
 + Level 3.5 Unarmed Combat
 + Level 2.8 Spellcasting
 + Level 2.4 Transmutations


You had 5 spell levels left.
You knew the following spells:

 Your Spells              Type           Power      Damage    Failure   Level
a - Beastly Appendage     Tmut           18%        N/A       8%          1
b - Wereblood             Tmut           9%         N/A       12%         2

Your spell library contained the following spells:

 Spells                   Type           Power      Damage    Failure   Level
 Spider Form              Tmut/Pois      5%         N/A       36%         3
 Ice Form                 Ice/Tmut       5%         N/A       77%         4


Dungeon Overview and Level Annotations

Branches:
Dungeon (2/15)

Altars:


Innate Abilities, Weirdness & Mutations

One of your tentacles has grown a beastly spike.
You cannot wear most types of armour.
You are amphibious.
You can wear up to eight rings at the same time.
Your skin changes colour to match your surroundings (Stealth+).
Your rubbery body absorbs attacks. (AC +1, EV +1)
((You are camouflaged when in or above water. (Stealth+)))
You have tentacles for arms and can constrict up to eight enemies at once.


Message History

The goblin closely misses you.
You closely miss the goblin. Your grab misses the goblin.
Your tentacle spike misses the goblin.
You feel very sick. The ball python barely misses you. x2
The goblin hits you with a +1 dagger of venom.
You are lethally poisoned!
The ball python bites you. The ball python barely misses you.
It was a potion of haste.
You feel yourself speed up.
Your tentacle spike disappears.
* * * LOW HITPOINT WARNING * * *
You feel very sick. The goblin misses you. The ball python misses you.
The ball python closely misses you. The goblin misses you.
The ball python misses you. The ball python grabs you.
The ball python constricts you.
It was a potion of curing.
You feel better.
The goblin hits you with a +1 dagger of venom.
You are poisoned.
The ball python closely misses you. The ball python constricts you.
Casting: Wereblood (safe; 12% risk of failure)
Confirm with . or Enter, or press ? or * to list all spells.
One of your tentacles grows a vicious spike.
You howl as the wereblood boils in your veins!
Your primal bloodlust is almost over.
You feel sick.
The goblin hits you with a +1 dagger of venom.
You are lethally poisoned!
The ball python bites you.
* * * LOW HITPOINT WARNING * * *
The ball python constricts you.
Casting: Beastly Appendage (safe; 8% risk of failure)
Confirm with . or Enter, or press ? or * to list all spells.
Your blood is freshly infused with primal strength!
* * * LOW HITPOINT WARNING * * *
You feel sick. The ball python closely misses you.
The ball python constricts you.
* * * LOW HITPOINT WARNING * * *
The goblin hits you with a +1 dagger of venom.
You die...

###.....#..# ##.##
#.###......# #>#
#..†.#....# #.#
###.#...#.# #.#
###.#..#...# #.#
#..#..)....# ####.#
###....†...#.......
#####.#....#
#....g@...##
:.#...S...##
#.#..#..$# .###
##.#...#.# ....
....#..... .###
.###.......# #
....#.... #.#..
..#.#


You could see a goblin and a ball python.

Vanquished Creatures
  An adder (D:2)
  2 worms (D:2)
  An orc (D:2)
  4 bats
  5 endoplasms
  A giant cockroach (D:1)
  3 goblins
  5 hobgoblins
  4 jackals (D:1)
  2 quokkas (D:2)
  5 ball pythons
  2 frilled lizards
  5 kobolds
  4 rats
44 creatures vanquished.

Notes
Turn   | Place    | Note
-------+----------+-------------------------------------------
     0 | D:1      | PriceMaster the Octopode Transmuter began the quest for the
                  | Orb.
     0 | D:1      | Reached XP level 1. HP: 13/13 MP: 3/3
   108 | D:1      | Found a faded altar of an unknown god.
   173 | D:1      | Reached XP level 2. HP: 17/18 MP: 3/5
   179 | D:1      | Learned a level 2 spell: Wereblood
   686 | D:1      | Reached XP level 3. HP: 23/23 MP: 2/6
  1190 | D:2      | Reached XP level 4. HP: 28/28 MP: 3/8
  1203 | D:2      | Slain by a goblin

Illustrated notes

Levels and vault maps discovered:
D:1:      dpeg_arrival_water_temple_mockup, layout_basic,
          hellmonk_ecumenical_altar_leap_of_faith, glass_columns_a,
          minmay_misc_feat_five
D:2:      layout_loops_ring, basic_altar, minmay_increasing_density,
          uniq_natasha

Action                     |  1- 3 |  4- 6 || total
---------------------------+-------+-------++-------
  Melee: Unarmed           |    63 |       ||    63
         Kick              |    22 |       ||    22
         Constrict         |    24 |     1 ||    25
         Tentacles         |     9 |       ||     9
         Punch             |     2 |       ||     2
         Staff             |    25 |     3 ||    28
   Cast: Beastly Appendage |    21 |     1 ||    22
         Wereblood         |    14 |     1 ||    15
    Use: Potion            |       |     2 ||     2
   Stab: Sleeping          |     4 |       ||     4
 Armour: Skin              |     8 |       ||     8
  Dodge: Dodged            |    64 |    12 ||    76
